 Dungeon Crawl Stone Soup version 0.26-a0-415-g2a96157 (webtiles) character file.

Game seed: 12782348686476179909

233 Illumine the Skirmisher (level 6, -2/66 HPs)
             Began as an Ogre Berserker on July 25, 2020.
             Was a Priest of Trog.
             Slain by an orc
             ... wielding a +0 mace of draining
              (9 damage)
             ... on level 4 of the Dungeon.
             The game lasted 00:07:02 (3963 turns).

Illumine the Skirmisher (Ogre Berserker)            Turns: 3963, Time: 00:07:02

Health: -2/66      AC:  3    Str: 22    XL:     6   Next: 4%
Magic:  6/6        EV: 10    Int:  8    God:    Trog [***...]
Gold:   152        SH:  0    Dex: 10    Spells: 5/5 levels left

rFire    . . .     SeeInvis .   y - +0 flail
rCold    . . .     Faith    .   (no shield)
rNeg     . . .     Spirit   .   d - +0 animal skin
rPois    .         Reflect  .   (helmet restricted)
rElec    .         Harm     .   (no cloak)
rCorr    .                      (gloves unavailable)
MR       .....                  (boots unavailable)
Stlth    +.........             v - amulet of regeneration
HPRegen  0.61/turn              (no ring)
MPRegen  0.10/turn              (no ring)

@: lightly drained
A: large, unfitting armour, tough skin 1
a: Berserk, Trog's Hand, Renounce Religion


You were on level 4 of the Dungeon.
You worshipped Trog.
Trog was most pleased with you.
You visited 1 branch of the dungeon, and saw 4 of its levels.

You collected 152 gold pieces.

Inventory:

Hand Weapons
 a - a +0 lajatang
 b - a +0 hunting sling
 y - a +0 flail (weapon)
Missiles
 f - 93 stones (quivered)
 o - 14 sling bullets
 x - 13 poisoned darts
Armour
 d - a +0 animal skin (worn)
 n - a +0 robe
Jewellery
 g - an uncursed amulet of the acrobat
 v - an amulet of regeneration (around neck)
Wands
 l - a wand of flame (11)
 t - a wand of paralysis (7)
Scrolls
 c - 4 scrolls of remove curse {unknown}
 i - 3 scrolls of identify {unknown}
 k - 3 scrolls of magic mapping {unknown}
 s - 2 scrolls of blinking {unknown}
 w - a scroll of teleportation {unknown}
Potions
 e - a potion of heal wounds {unknown}
 h - 2 potions of brilliance {unknown}
 j - a potion of resistance {unknown}
 m - a potion of degeneration {unknown}
 p - 2 potions of curing {unknown}
 q - a potion of berserk rage {unknown}
 r - 2 potions of lignification {unknown}
 u - 2 potions of stabbing {unknown}


   Skills:
 + Level 5.5(5.1) Fighting
 + Level 4.4(4.0) Maces & Flails
 - Level 1.0(0.6) Throwing
 + Level 3.7(3.3) Dodging


You had 5 spell levels left.
You didn't know any spells.
Your spell library was empty.

Dungeon Overview and Level Annotations

Branches:
Dungeon (4/15)
 Temple: D:4-7

Altars:
Trog


Innate Abilities, Weirdness & Mutations

You are too large for most types of armour.
You have tough skin. (AC +1)


Message History

The hound is almost dead.
The hound bites you.
* * * LOW HITPOINT WARNING * * *
The hound bites you but does no damage.
You hit the hound.
You kill the hound!
Trog accepts your kill.
You have reached level 6!
Your experience leads to an increase in your attributes!
Increase (S)trength, (I)ntelligence, or (D)exterity?
You feel agile.
You feel stronger.
You closely miss the orc.
The orc hits you with a +0 mace of draining!
* * * LOW HITPOINT WARNING * * *
You feel drained.
* * * LOW HITPOINT WARNING * * *
You hit the orc.
The orc is severely wounded.
The orc hits you with a +0 mace of draining!
You die...

#####...........#.....#..........
#).)...###.##...###.###..(..>####
#)###### #.##...###........#.#
.).# #.##.......###......# #.##
#.####..#### ##...### ###
#.####..# #...# # #.......# #...#
# #######o# #.(.# # #@# #
#............. # ....###........
# ## #...../.. #.####### #.# ..#
###


You could see an orc.

Vanquished Creatures
  A hound (D:4)
  An orc wizard (D:4)
  Jessica (D:2)
  Terence (D:2)
  2 adders
  An ooze (D:1)
  3 worms
  A dart slug (D:2)
  2 leopard geckos
  9 orcs
  9 giant cockroaches
  9 goblins
  5 hobgoblins
  6 jackals (D:1)
  3 quokkas
  A ball python (D:2)
  4 bats
  4 frilled lizards
  11 kobolds
  7 rats
81 creatures vanquished.

Notes
Turn   | Place    | Note
-------+----------+-------------------------------------------
     0 | D:1      | Illumine the Ogre Berserker began the quest for the Orb.
     0 | D:1      | Reached XP level 1. HP: 24/24 MP: 1/1
   298 | D:1      | Reached XP level 2. HP: 32/32 MP: 2/2
  1063 | D:1      | Reached XP level 3. HP: 38/40 MP: 3/3
  1723 | D:2      | Noticed Jessica
  1729 | D:2      | Killed Jessica
  1729 | D:2      | Reached XP level 4. HP: 33/49 MP: 4/4
  1877 | D:2      | Reached ** piety under Trog
  2406 | D:2      | Noticed Terence
  2425 | D:2      | Killed Terence
  2873 | D:3      | Reached skill level 5 in Fighting
  2873 | D:3      | Reached XP level 5. HP: 57/57 MP: 5/5
  3396 | D:3      | Reached skill level 1 in Throwing
  3614 | D:3      | Found a bloodstained altar of Trog.
  3961 | D:4      | Reached *** piety under Trog
  3961 | D:4      | Reached XP level 6. HP: 13/66 MP: 6/6
  3963 | D:4      | Slain by an orc

Illustrated notes

Levels and vault maps discovered:
D:1:      sevenhm_arrival_forest_fort_large_2, layout_basic,
          nrook_mini_backslash
D:2:      layout_rooms, serial_co_window_serial, co_window_corner_a,
          co_window_of_opportunity_a, co_window_corner_a, co_window_corner_a,
          co_window_paths_a, co_window_of_opportunity_a,
          co_window_of_opportunity_a, co_window_broadway_a, co_window_corner_ca,
          co_window_broadway_c, glass_columns_c, glass_columns_b,
          glass_columns_a, minmay_misc_feat_square, uniq_jessica, uniq_terence
D:3:      layout_loops_ring, trog_butcher_becter
D:4:      layout_loops_cross, lemuel_doored_altar, makhleb_altar_promises_db,
          minmay_temple_entry_fiery, serial_shops, shop,
          ebering_dispersal_statue_hall, minmay_shop_mayhem

Skill      XL: |  1  2  3  4  5 |
---------------+----------------+-----
Maces & Flails | 3 4 |  4.4
Dodging        | 3 |  3.7
Fighting       | 5 |  5.5
Throwing       | 1 |  1.0

Action                   |  1- 3 |  4- 6 || total
-------------------------+-------+-------++-------
Melee: Mace              |    82 |    33 ||   115
       Flail             |       |    74 ||    74
       Lajatang          |       |    22 ||    22
 Fire: Hunting sling     |    10 |    58 ||    68
Throw: Stone             |       |     1 ||     1
Invok: Berserk           |       |     2 ||     2
 Stab: Sleeping          |       |     1 ||     1
Armor: Animal skin       |    24 |    26 ||    50
Dodge: Dodged            |    47 |    78 ||   125

Table legend: (Time is in decaauts)
 A = Elapsed time spent in this place.
 B = Non-inter-level travel time spent in this place.
 C = Inter-level travel time spent in this place.
 D = Time resting spent in this place.
 E = Time spent auto-exploring this place.
 F = Levels seen in this place.
 G = Mean time per level.
                   A        B        C        D        E       F      G
               +--------+--------+--------+--------+--------+-----+--------+
         Total |   4035 |   3928 |    107 |    753 |   2417 |   4 | 1008.8 |
       Dungeon |   4035 |   3928 |    107 |    753 |   2417 |   4 | 1008.8 |
               +--------+--------+--------+--------+--------+-----+--------+

Top non-repeatable levels by time:
     D:1: 1785 daAuts
     D:2: 1096 daAuts
     D:3: 957 daAuts
     D:4: 196 daAuts
